AoeStats
← Knat

Fortress

507953318Analyzed
2v2 RM · 11d ago on Sep 20, 2026· 21m 50s· 4 players
Game mode
Random Map
Map size
Normal (6 player)
Population
200
Speed
Normal
Resources
Standard
Victory
Conquest
Starting age
Dark Age
Ending age
Imperial Age
RankedLock teamsTeams togetherTeam positionsShared explorationLock speedFull tech treeHidden civsTurbo modeCheats
Victory
Defeat
🇩🇰 Byzantines · Denmark
782
+19
🇩🇪 Mongols · Germany
758
+19
🇪🇸 Teutons · Spain
862
-20
🇪🇸 Franks · Spain
820
-18
Knat
7:25 Feudal Age
8:12 Double-Bit Axe
15:20 Castle Age
13:20 Horse Collar
16:46 Gambesons
16:22 Man-at-Arms
17:32 Heavy Plow
18:19 Squires
21:34 Wheelbarrow
WildesPony
8:21 Feudal Age
10:36 Wheelbarrow
13:59 Castle Age
12:32 Horse Collar
12:39 Double-Bit Axe
12:47 Gold Mining
12:49 Stone Mining
15:41 Hand Cart
dgldavidbcn
6:28 Feudal Age
8:52 Loom
12:41 Castle Age
11:47 Double-Bit Axe
11:55 Gold Mining
11:58 Stone Mining
15:51 Bow Saw
21:16 Wheelbarrow
TheDafey
3:15 Loom
8:51 Feudal Age
12:45 Castle Age
12:06 Fletching
12:16 Padded Archer Armor
12:18 Scale Mail Armor
12:32 Forging
18:22 Elite Skirmisher
Connection lost

Rejoining the realm…

Still unreachable

The connection could not be restored.

Session expired

The server has moved on; the page needs a fresh start.